 Dungeon Crawl Stone Soup version 0.31.0-11-ge490571c62 (webtiles) character file.

Game seed: 11208936956778913543

56 qw the Shooter (level 3, -1/18 HPs)
             Began as a Spriggan Hunter on Feb 5, 2024.
             Slain by Pargi (2 damage)
             ... on level 3 of the Dungeon.
             The game lasted 00:00:31 (1591 turns).

qw the Shooter (Spriggan Hunter)                    Turns: 1591, Time: 00:00:31

Health: -1/18      AC:  2    Str:  7    XL:     3   Next: 69%
Magic:  4/4        EV: 19    Int: 10    God:
Gold:   103        SH:  0    Dex: 20    Spells: 2/2 levels left

rFire   . . .        a - +0 shortbow
rCold   . . .        (shield currently unavailable)
rNeg    . . .        c - +0 robe
rPois   .            (helmet restricted)
rElec   .            (no cloak)
rCorr   .            (gloves unavailable)
SInv    +            (boots unavailable)
Will    .....        (no amulet)
Stlth   ++           (no ring)
HPRegen 0.23/turn    (no ring)
MPRegen 0.09/turn

%: no passive effects
@: very quick
A: very small, no large weapons, unfitting armour, see invisible, speed 3
a: no special abilities


You were on level 3 of the Dungeon.
You visited 1 branch of the dungeon, and saw 3 of its levels.

You collected 131 gold pieces.
You spent 28 gold pieces at shops.


Innate Abilities, Weirdness & Mutations

You are very small and have problems with some larger weapons.
You are too small for most types of armour.
You have supernaturally acute eyesight. (SInv)
You cover ground extremely quickly. (Speed+++)


   Skills:
 - Level 1.5 Fighting
 + Level 4.9 Ranged Weapons
 - Level 4.0 Dodging
 - Level 1.5 Stealth


You had 2 spell levels left.
You didn't know any spells.
Your spell library was empty.

Inventory:

Hand Weapons
 a - a +0 shortbow (weapon)
Armour
 c - a +0 robe (worn)
 d - a +2 robe of fire resistance
Potions
 b - a potion of ambrosia {unknown}
 e - a potion of might {unknown}
 g - a potion of curing
 h - 2 potions of heal wounds {unknown}

Dungeon Overview and Level Annotations

Branches:
Dungeon (3/15)

Altars:

Shops:
D:1 *

Annotations:
D:3 Pargi


Message History

Pargi the Meek comes into view.
You shoot an arrow. The arrow hits Pargi!
Pargi is moderately wounded.
You hear an angry hiss.
A frilled lizard comes into view.
You shoot an arrow. The arrow closely misses Pargi.
Pargi looks around nervously.
You shoot an arrow. The arrow closely misses Pargi.
The arrow hits the frilled lizard!
You kill the frilled lizard!
You shoot an arrow. The arrow hits Pargi.
Pargi is moderately wounded.
You shoot an arrow. The arrow hits Pargi.
Pargi is moderately wounded.
Pargi looks around nervously.
You shoot an arrow. The arrow hits Pargi.
Pargi is heavily wounded.
Pargi misses you. Pargi claws you but does no damage. Pargi closely misses you.
You shoot an arrow. The arrow closely misses Pargi.
Pargi bites you! Pargi barely misses you. Pargi claws you.
You shoot an arrow. The arrow barely misses Pargi.
Pargi bites you!
Pargi misses you. x2; Pargi barely misses you.
Pargi misses you. x2
You shoot an arrow. The arrow hits Pargi!
Pargi is severely wounded.
Pargi completely misses you. Pargi barely misses you. Pargi misses you.
You shoot an arrow.
The arrow hits Pargi but does no damage.
Pargi is heavily wounded.
Pargi hisses, "I bite!"
Pargi barely misses you. Pargi closely misses you.
Pargi claws you but does no damage.
You shoot an arrow. The arrow hits Pargi.
Pargi is severely wounded.
Pargi barely misses you. Pargi closely misses you. Pargi claws you.
You shoot an arrow.
The arrow hits Pargi but does no damage.
Pargi is heavily wounded.
Pargi completely misses you. Pargi claws you.
You die...

................
###.#.##########
..# ....#.# %.
.####.######### #.#
..##..........# #..
..########.<..# ..
..#...........# .#
...<..........###T#
.:..............@.#
..............##..#
#.....(..<######..#
#........## #.##
#.......... #..
.(........# #.#
..........# ###


You could see Pargi.

Vanquished Creatures
  A ribbon worm (D:2)
  2 dart slugs
  6 bats
  6 endoplasms
  3 giant cockroaches (D:1)
  3 goblins
  3 hobgoblins
  A jackal (D:1)
  7 kobolds
  A quokka (D:1)
  3 ball pythons
  6 frilled lizards
  3 rats
45 creatures vanquished.

Notes
Turn   | Place    | Note
-------+----------+-------------------------------------------
     0 | D:1      | qw the Spriggan Hunter began the quest for the Orb.
     0 | D:1      | Reached XP level 1. HP: 10/10 MP: 2/2
     0 | D:1      | 0 ||| qw: Version: 0.3-a-160-g6735b56
     0 | D:1      | 0 ||| qw: Game counter: 6196
     0 | D:1      | 0 ||| qw: Melee chars always use a shield: true
     0 | D:1      | 0 ||| qw: God list: Okawaru
     0 | D:1      | 0 ||| qw: Allow faded altars: false
     0 | D:1      | 0 ||| qw: Do Orc after clearing Dungeon:15 true
     0 | D:1      | 0 ||| qw: Do second Lair branch before Depths: true
     0 | D:1      | 0 ||| qw: Lair rune preference: random
     0 | D:1      | 0 ||| qw: Goals: Normal
     0 | D:1      | 0 ||| PLANNING D:1-11
    41 | D:1      | Reached skill level 3 in Dodging
   173 | D:1      | Reached XP level 2. HP: 14/14 MP: 3/3
   238 | D:1      | Found Wakhluad's General Store.
   247 | D:1      | 247 ||| BUYING scroll of identify (28 gold).
   247 | D:1      | Bought a scroll of identify for 28 gold pieces
   809 | D:1      | 809 ||| READING 3 scrolls of identify.
   809 | D:1      | 809 ||| IDENTIFYING 2 bubbling coppery potions
   810 | D:1      | 810 ||| READING 2 scrolls of identify.
   810 | D:1      | 810 ||| IDENTIFYING scroll labelled KAINIA PUYLUBU
   811 | D:1      | 811 ||| DROPPING scroll of butterflies.
   812 | D:1      | 812 ||| DROPPING 2 potions of lignification.
   813 | D:1      | 813 ||| DROPPING scroll of summoning.
   885 | D:2      | Reached XP level 3. HP: 18/18 MP: 4/4
   914 | D:2      | 914 ||| FLEEEEING.
   915 | D:2      | 915 ||| FLEEEEING.
   916 | D:2      | 916 ||| FLEEEEING.
   917 | D:2      | 917 ||| FLEEEEING.
   918 | D:2      | 918 ||| FLEEEEING.
   919 | D:2      | 919 ||| FLEEEEING.
   920 | D:2      | 920 ||| FLEEEEING.
   924 | D:2      | 924 ||| FLEEEEING.
   925 | D:2      | 925 ||| STAIRDANCE
  1393 | D:2      | 1393 ||| READING scroll of identify.
  1393 | D:2      | 1393 ||| IDENTIFYING sapphire potion
  1394 | D:2      | 1394 ||| READING 3 scrolls labelled FERIYBIN GEJUOM.
  1395 | D:2      | 1395 ||| READING scroll labelled WADYEPRIANUO.
  1396 | D:2      | 1396 ||| READING scroll labelled GOYDECE CYDAA.
  1396 | D:2      | 1396 ||| ENCHANTING +0 shortbow.
  1397 | D:2      | 1397 ||| DRINKING 2 yellow potions.
  1398 | D:2      | 1398 ||| DROPPING 2 scrolls of immolation.
  1399 | D:2      | 1399 ||| DROPPING potion of brilliance.
  1415 | D:3      | 1415 ||| STAIRDANCE
  1419 | D:3      | 1419 ||| STAIRDANCE
  1448 | D:3      | 1448 ||| STAIRDANCE
  1579 | D:3      | Noticed Pargi
  1587 | D:3      | HP: 1/18 [Pargi (7)]
  1591 | D:3      | Slain by Pargi

Levels and vault maps discovered:
D:1:      psy_arrival_dodecagon, layout_basic, serial_shops, shop,
          minmay_pentomino_x4
D:2:      layout_rooms, st_stairs_12
D:3:      layout_basic, mainiacjoe_overflow_alcove_1,
          mainiacjoe_overflow_two_lobes, grunt_ministairs_12, uniq_pargi

Skill      XL: |  1  2 |
---------------+-------+-----
Dodging        | 3 4 |  4.0
Fighting       | |  1.5
Ranged Weapons | |  4.9
Stealth        | |  1.5

Action                     || total
---------------------------++-------
   Fire: Shortbow          ||   111
    Use: Scroll            ||     6
         Potion            ||     1
 Armour: Robe              ||    15
  Dodge: Dodged            ||    61

Table legend:
 A = Non-vault XP
 B = Vault XP
 C = Vault XP percentage of total XP
 D = Non-vault monster count
 E = Vault monster count
 F = Vault count percentage of total count
                 A         B        C        D         E       F
            +---------+---------+-------+---------+---------+-------
      Total |      74 |       6 |   7.5 |      42 |       3 |   6.7
            +---------+---------+-------+---------+---------+-------
        D:1 |      32 |       4 |  11.1 |      18 |       2 |  10.0
        D:2 |      37 |       2 |   5.1 |      21 |       1 |   4.5
        D:3 |       5 |       0 |   0.0 |       3 |       0 |   0.0
            +---------+---------+-------+---------+---------+-------
